 Dungeon Crawl Stone Soup version 0.21-a0-153-g78480df (webtiles) character file.

37 grisnicke the Vexing (level 3, -1/26 HPs)
             Began as a Vampire Arcane Marksman on Aug 1, 2017.
             Slain by a jackal (2 damage)
             ... on level 1 of the Dungeon.
             The game lasted 00:08:15 (1503 turns).

grisnicke the Vexing (Vampire Arcane Marksman)      Turns: 1503, Time: 00:08:16

Health: -1/26      AC:  3    Str: 10    XL:     3   Next: 21%
Magic:  5/5        EV: 13    Int: 15    God:
Gold:   25         SH:  0    Dex: 14    Spells: 4/5 levels left

rFire    . . .     SeeInvis +   a - +0 hand crossbow
rCold    . . .     Gourm    .   (no shield)
rNeg     + . .     Faith    .   f - +0 robe
rPois    .         Spirit   .   o - +0 helmet
rElec    .         Reflect  .   (no cloak)
rCorr    .         Harm     .   (no gloves)
MR       .....                  (no boots)
Stlth    +.........             (no amulet)
HPRegen  0.08/turn              (no ring)
MPRegen  0.09/turn              (no ring)

@: flying
A: fangs 3, see invisible, unbreathing
a: Bat Form


You were on level 1 of the Dungeon.
You were not thirsty.

You visited 1 branch of the dungeon, and saw 2 of its levels.

You collected 25 gold pieces.

Inventory:

Hand Weapons
 a - a +0 hand crossbow (weapon)
 b - a +0 mace
   (You found it on level 1 of the Dungeon)
 l - a cursed -3 spear
   (You found it on level 1 of the Dungeon)
Missiles
 d - 8 bolts (quivered)
 h - 67 stones
 m - 19 poisoned needles
Armour
 f - a +0 robe (worn)
 o - a +0 helmet (worn)
   (You found it on level 2 of the Dungeon)
Scrolls
 g - a scroll of identify {unknown}
 i - 4 scrolls of enchant armour {unknown}
 j - a scroll of remove curse {unknown}
 k - a scroll of blinking {unknown}
Potions
 e - 7 potions of blood {@q1}
Books
 c - a book of Debilitation


   Skills:
 + Level 1.6 Fighting
 - Level 1.7 Crossbows
 - Level 2.6 Dodging
 - Level 1.6 Spellcasting
 + Level 4.8 Hexes


You had 4 spell levels left.
You knew the following spells:

 Your Spells              Type           Power        Failure   Level  Hunger
v - Corona                Hex            ###....      3%          1    ##.....


Dungeon Overview and Level Annotations

Branches:
Dungeon (2/15)

Altars:

Annotations:
D:1 exclusions: gnoll and 1 more exclusion


Innate Abilities, Weirdness & Mutations

You have razor-sharp teeth.
You have supernaturally acute eyesight. (SInv)
You can survive without breathing.


Message History

You kill the rat!
An adder and a goblin come into view.
The goblin shouts!
The goblin hits you with a dagger.
You take 1 damage, and have 25/26 hp.
You barely miss the goblin. The goblin misses you.
You barely miss the goblin. The goblin completely misses you.
You closely miss the goblin. The goblin hits you but does no damage.
The goblin hits you with a dagger.
You take 2 damage, and have 23/26 hp.
You closely miss the goblin. The goblin hits you with a dagger.
You take 1 damage, and have 22/26 hp.
You miss the goblin. The goblin barely misses you.
The goblin hits you with a dagger.
You take 1 damage, and have 21/26 hp.
You closely miss the goblin. You bite the goblin.
The goblin hits you but does no damage.
You hit the goblin but do no damage. The goblin hits you with a dagger.
You barely miss the goblin. The goblin hits you with a dagger. x2
You take 7 damage, and have 14/26 hp.
MASSIVE DAMAGE!!
Aim: a goblin, wielding a dagger (moderately wounded, chance to defeat MR: 69%)
The goblin is outlined in light.
The goblin misses you.
You now have 4/5 mp.
You are too injured to fight recklessly!
You are too injured to fight recklessly!
You are too injured to fight recklessly!
You hit the goblin. The goblin closely misses you.
You hit the goblin.
You kill the goblin!
Things that are here:
a dagger; a goblin corpse You bottle the corpse's blood.
e - 7 potions of blood {@q1} (gained 1)
You see here a dagger.
You start resting.
A jackal comes into view.
You closely miss the jackal.
The jackal barks!
You hear a bark!
You hear an angry hiss.
The jackal bites you. The jackal closely misses you.
A quokka comes into view.
You take 2 damage, and have 12/26 hp.
MP restored: 5 The jackal closely misses you.
The jackal barely misses you. The jackal barely misses you.
There is a stone staircase leading up here.
You closely miss the jackal.
The jackal bites you but does no damage.
The jackal barely misses you. The adder bites you but does no damage.
The jackal bites you but does no damage.
You climb upwards.
Level annotation: exclusions: gnoll and 1 more exclusion
There is a stone staircase leading down here.
a - a +0 hand crossbow (weapon)
The adder bites you. The jackal bites you.
You take 4 damage, and have 9/26 hp.
Aim: an adder You shoot a bolt.
The bolt misses the adder.
The adder closely misses you.
The jackal bites you but does no damage.
The adder misses you. The jackal misses you.
Aim: an adder You shoot a bolt.
The bolt barely misses the adder.
The jackal barely misses you. The adder bites you.
* * * LOW HITPOINT WARNING * * *
The jackal closely misses you. The adder closely misses you.
You take 3 damage, and have 7/26 hp.
Aim: an adder You shoot a bolt.
The bolt hits the adder but does no damage.
The jackal barely misses you. The adder bites you but does no damage.
The jackal bites you but does no damage.
The adder closely misses you.
Aim: an adder You shoot a bolt.
The bolt closely misses the adder.
The jackal closely misses you. The adder barely misses you.
The jackal bites you.
* * * LOW HITPOINT WARNING * * *
You take 3 damage, and have 4/26 hp.
Aim: an adder You shoot a bolt.
The bolt barely misses the adder.
The adder barely misses you.
The jackal bites you but does no damage.
The adder bites you but does no damage. The jackal barely misses you.
Aim: an adder You shoot a bolt.
The bolt completely misses the adder.
The adder bites you.
* * * LOW HITPOINT WARNING * * *
The jackal closely misses you. The adder closely misses you.
The jackal closely misses you.
You take 2 damage, and have 2/26 hp.
It was a potion of flight.
You feel very buoyant.
You fly up into the air.
The adder barely misses you.
The jackal bites you but does no damage.
Aim: an adder You shoot a bolt.
The bolt hits the adder.
The adder bites you.
* * * LOW HITPOINT WARNING * * *
The jackal misses you. The adder closely misses you. The jackal bites you.
You die...

#########
.....)..#
#######.##########
## #..........# .#
##########.# .#
#.# .# #.# .# #h#
.# #@# .###### #S#
....[.# #.#
#####.# #.# #.#
#.# #.# #.# ##.#
#.# #..# #(###
#.## #...#


You could see an adder and a jackal.

Vanquished Creatures
  An ooze (D:1)
  A dart slug (D:1)
  A leopard gecko (D:1)
  A ball python (D:1)
  5 hobgoblins (D:1)
  4 jackals (D:1)
  2 kobolds (D:1)
  3 bats (D:1)
  4 frilled lizards (D:1)
  3 goblins
  3 rats
28 creatures vanquished.

Notes
Turn   | Place    | Note
-------+----------+-------------------------------------------
     0 | D:1      | grisnicke the Vampire Arcane Marksman began the quest for the Orb.
     0 | D:1      | Reached XP level 1. HP: 14/14 MP: 2/2
    55 | D:1      | Reached skill level 1 in Fighting
    68 | D:1      | Reached XP level 2. HP: 18/21 MP: 3/3
  1043 | D:1      | Reached XP level 3. HP: 17/26 MP: 5/5
  1499 | D:1      | HP: 4/26 [jackal (3)]
  1503 | D:1      | HP: 1/26 [adder (1)]
  1503 | D:1      | Slain by a jackal

Vault maps used:
D:1:      dpeg_arrival_three_same_balls
D:2:      first_bread, uniq_jessica

Skill      XL: |  1 |
---------------+----+-----
Fighting       | 1 |  1.6
Crossbows      | |  1.7
Dodging        | |  2.6
Spellcasting   | |  1.6
Hexes          | |  4.8

Action                   || total
-------------------------++-------
Melee: Mace              ||    53
       Bite              ||     4
 Fire: Hand crossbow     ||    34
Throw: Stone             ||    10
 Cast: Corona            ||     4
  Use: Potion            ||     2
 Stab: Sleeping          ||     1
  Eat: Corpse            ||     3
Armor: Robe              ||    19
Dodge: Dodged            ||    71

Vault maps used:
D:1:      dpeg_arrival_three_same_balls
D:2:      first_bread, uniq_jessica

Table legend:
 A = Turns spent in this place as a percentage of turns spent in the entire game.
 B = Non-inter-level travel turns spent in this place as a percentage of non-inter-level travel turns spent in the entire game.
 C = Inter-level travel turns spent in this place as a percentage of turns spent in this place.
 D = Turns resting spent in this place as a percentage of non-inter-level travel turns spent in this place.
 E = Turns spent auto-exploring this place as a percentage of non-inter-level travel turns spent in this place.
 F = Non-inter-level travel turns spent in this place divided by the number of levels of this place that you've seen.
                   A       B       C       D       E      F
               +-------+-------+-------+-------+-------+----------------------
         Total | 100.0 | 100.0 |   0.2 |   2.5 |   5.2 | 201.5
       Dungeon | 100.0 | 100.0 |   0.2 |   2.5 |   5.2 | 201.5
               +-------+-------+-------+-------+-------+----------------------

Table legend:
 A = Kills in this place as a percentage of kills in entire the game.
 B = Kills by you in this place as a percentage of kills by you in the entire game.
 C = Kills by friends in this place as a percentage of kills by friends in the entire game.
 D = Other kills in this place as a percentage of other kills in the entire game.
 E = Experience gained in this place as a percentage of experience gained in the entire game.
 F = Experience gained in this place divided by the number of levels of this place that you have seen.
                   A       B       C       D       E      F
               +-------+-------+-------+-------+-------+----------------------
         Total | 100.0 | 100.0 |  -nan |  -nan | 100.0 |  26.5
       Dungeon | 100.0 | 100.0 |  -nan |  -nan | 100.0 |  26.5
               +-------+-------+-------+-------+-------+----------------------
